Flames vs Canucks
Created - 7 novembre 2013 at 18:59
Goals
|
| Flames |
0 |
0 |
3 |
3 |
| Canucks |
1 |
2 |
2 |
5 |
|
Shots
|
| Flames |
5 |
13 |
13 |
31 |
| Canucks |
7 |
15 |
11 |
33 |
|
1st period
1. Canucks , Brent Sopel 3 (Jiri Hudler, Carey Price) at 19:12 (PP)
Penalties :
Dennis Seidenberg (Van) for Hooking (Minor) at 2:50, Michal Handzus (Cal) for Diving (Minor) at 2:50, Fabian Brunnstrom (Van) for Tripping (Minor) at 7:48, Milan Hejduk (Cal) for Roughing (Minor) at 7:48, Mark Bell (Cal) for Holding (Minor) at 16:51, Mark Bell (Cal) for Holding (Minor) at 18:54
2nd period
2. Canucks , Fabian Brunnstrom 4 (David Jones, Rickard Wallin) at 11:24
3. Canucks , Jaromir Jagr 5 (Peter Worrell) at 17:58
Penalties :
Branko Radivojevic (Cal) for High sticking (Minor) at 1:18, Jiri Hudler (Van) for Hooking (Minor) at 17:50, Michal Handzus (Cal) for Tripping (Minor) at 17:50
3rd period
4. Canucks , Scott Niedermayer 1 (Erik Christensen, Carey Price) at 1:53 (PP)
5. Flames , Eric Staal 7 (David Backes) at 4:36
6. Flames , Jordin Tootoo 3 (Josef Vasicek) at 9:13
7. Flames , Eric Staal 8 (Tomas Kaberle, Alexander Semin) at 9:21
8. Canucks , Rickard Wallin 1 (David Jones, Fabian Brunnstrom) at 17:29
Penalties :
Michal Handzus (Cal) for Charging (Minor) at 1:09, Zigmund Palffy (Van) for Holding (Minor) at 5:12, Milan Hejduk (Cal) for Holding Stick (Minor) at 6:50, Brent Sopel (Van) for Roughing (Minor) at 11:34
Goalie Stats
Pekka Rinne (Cal), 28 saves from 33 shots - (0,848), L, 2-2-1, 60:00 minutes
Carey Price (Van), 28 saves from 31 shots - (0,903), W, 5-3-0, 60:00 minutes
Players Stats for Flames
Player Name G A P +/- PIM S H SB GA TA FO MP PP MP PK MP
------------------------------------------------------------------------------------
Alexander Semin 0 1 1 0 0 2 3 0 2 1 0/1 21:13 1:54 1:11
Branko Radivojevic 0 0 0 0 2 1 1 1 0 0 0/0 8:52 0:00 0:00
David Backes 0 1 1 1 0 0 2 0 1 1 0/0 17:08 1:54 0:00
Derek Meech 0 0 0 0 0 0 1 0 0 0 0/0 21:52 1:22 2:49
Eric Staal 2 0 2 0 0 8 1 0 2 0 13/34 22:00 1:54 1:42
Erik Johnson 0 0 0 0 0 0 1 0 1 0 0/0 20:47 2:15 2:49
Jordin Tootoo 1 0 1 0 0 2 3 0 0 0 0/0 11:05 0:00 1:31
Josef Vasicek 0 1 1 0 0 4 0 0 0 1 3/8 11:19 1:43 0:00
Marcel Goc 0 0 0 0 0 2 0 0 0 0 0/4 8:02 0:00 0:00
Mark Bell 0 0 0 0 4 5 3 1 0 0 0/1 13:02 1:43 0:00
Michal Handzus 0 0 0 0 6 1 0 1 0 0 5/7 14:43 0:00 3:25
Mike Leclerc 0 0 0 0 0 0 2 1 2 0 0/0 9:44 0:00 1:25
Milan Hejduk 0 0 0 0 4 0 1 0 0 0 1/1 14:31 1:42 0:00
Niklas Kronwall 0 0 0 1 0 1 1 1 0 0 0/0 11:51 1:22 0:00
Petr Schastlivy 0 0 0 0 0 1 3 0 1 0 0/1 15:17 0:00 4:02
Ron Hainsey 0 0 0 1 0 1 0 1 0 2 0/0 13:42 0:00 3:17
Steve Eminger 0 0 0 -1 0 0 2 1 0 2 0/0 27:22 0:00 3:49
Tomas Kaberle 0 1 1 -1 0 3 2 0 0 1 0/0 24:26 2:15 0:32
Players Stats for Canucks
Player Name G A P +/- PIM S H SB GA TA FO MP PP MP PK MP
------------------------------------------------------------------------------------
Brad Richardson 0 0 0 -2 0 0 0 0 0 0 3/5 5:32 0:23 0:30
Brent Sopel 1 0 1 -1 2 4 2 2 1 0 0/0 25:18 3:07 0:51
Brooks Orpik 0 0 0 1 0 0 3 2 1 1 0/0 21:24 2:39 1:19
Chris Campoli 0 0 0 1 0 1 2 1 0 0 0/0 21:24 2:39 1:19
Clarke MacArthur 0 0 0 -1 0 3 2 0 0 2 0/0 19:04 2:24 1:41
David Jones 0 2 2 2 0 2 1 1 2 2 1/1 14:37 0:49 0:00
Dennis Seidenberg 0 0 0 0 2 0 0 1 0 0 0/0 10:13 0:57 0:00
Erik Christensen 0 1 1 0 0 1 3 0 0 0 4/10 15:47 2:24 0:00
Fabian Brunnstrom 1 1 2 2 2 4 2 1 0 0 0/0 14:40 1:01 0:00
Jaromir Jagr 1 0 1 -1 0 8 0 1 2 0 8/11 25:07 3:13 1:50
Jiri Hudler 0 1 1 -1 2 1 3 0 1 1 13/19 18:24 3:29 0:39
Nick Pryor 0 0 0 0 0 0 0 0 0 0 0/0 2:20 0:00 0:39
Peter Worrell 0 1 1 0 0 1 1 1 0 1 2/3 21:33 3:25 1:49
Rickard Wallin 1 1 2 2 0 3 1 0 0 1 4/7 10:53 0:00 0:00
Scott Niedermayer 1 0 1 -1 0 4 0 2 1 1 0/0 28:23 3:02 2:18
Sheldon Keefe 0 0 0 -2 0 0 1 0 0 0 0/1 8:29 0:19 0:45
Taylor Chorney 0 0 0 0 0 0 0 1 0 0 0/0 11:00 0:52 0:48
Zigmund Palffy 0 0 0 0 2 1 1 0 0 0 0/0 15:52 2:27 0:00
3 Stars
1 - Eric Staal (Cal)
2 - Rickard Wallin (Van)
3 - Fabian Brunnstrom (Van)
Power Play
Flames - 0 on 2 Attempt(s) - 0,00%
Canucks - 2 on 5 Attempt(s) - 40,00%
Penalty Kill
Flames - 3 on 5 Attempt(s) - 60,00%
- Score 0 goal in Penalty Kill
Canucks - 2 on 2 Attempt(s) - 100,00%
- Score 0 goal in Penalty Kill
Official
Referees : Sutherland Kelly and O'Halloran Dan
Linesman : Jonny Murray and Bryan Pancich
Game Notes
No Game Note
Finance
Level 1 -- Attendance: 4355 (72,58%) -- Ticket Income 431 145 $
Level 2 -- Attendance: 4321 (86,42%) -- Ticket Income 224 692 $
Level 3 -- Attendance: 1813 (90,65%) -- Ticket Income 54 390 $
Level 4 -- Attendance: 4000 (100,00%) -- Ticket Income 68 000 $
Luxury Box -- Attendance: 1000 (100,00%) -- Ticket Income 100 000 $
Game was played at the Budweiser Coliseum
Total Attendance: 15489 (86,05%)
Total Ticket Income: 878 227 $
Other Income: 131 734 $
Total Income: 1 009 961 $
Flames
5 vs 5 Forward
Center Left Wing Right Wing Time % Phy DF OF
1 Eric Staal Alexander Semin David Backes 40 1 2 2
2 Michal Handzus Petr Schastlivy Milan Hejduk 30 1 2 2
3 Josef Vasicek Mark Bell Jordin Tootoo 20 1 2 2
4 Marcel Goc Mike Leclerc Branko Radivojevic 10 1 2 2
5 vs 5 Defense
Defense Defense Time % Phy DF OF
1 Tomas Kaberle Steve Eminger 40 1 2 2
2 Derek Meech Erik Johnson 30 1 2 2
3 Ron Hainsey Niklas Kronwall 20 1 2 2
4 Derek Meech Steve Eminger 10 1 2 2
PowerPlay Forward
Center Left Wing Right Wing Time % Phy DF OF
1 Eric Staal Alexander Semin David Backes 60 1 1 3
2 Josef Vasicek Mark Bell Milan Hejduk 40 1 1 3
PowerPlay Defense
Defense Defense Time % Phy DF OF
1 Tomas Kaberle Erik Johnson 60 1 1 3
2 Derek Meech Niklas Kronwall 40 1 1 3
Penalty Kill 4 Players Forward
Center Wing Time % Phy DF OF
1 Michal Handzus Petr Schastlivy 60 1 3 1
2 Eric Staal Mike Leclerc 40 1 3 1
Penalty Kill 4 Players Defense
Defense Defense Time % Phy DF OF
1 Ron Hainsey Steve Eminger 60 1 3 1
2 Derek Meech Erik Johnson 40 1 3 1
Penalty Kill - 3 Players Forward
Forward Time % Phy DF OF
1 Michal Handzus 60 1 3 1
2 Eric Staal 40 1 3 1
Penalty Kill - 3 Players Defense
Defense Defense Time % Phy DF OF
1 Ron Hainsey Steve Eminger 60 1 4 0
2 Derek Meech Erik Johnson 40 1 4 0
4 vs 4 Forward
Center Wing Time % Phy DF OF
1 Eric Staal Alexander Semin 60 1 2 2
2 Michal Handzus David Backes 40 1 2 2
4 vs 4 Defense
Defense Defense Time % Phy DF OF
1 Tomas Kaberle Steve Eminger 60 1 2 2
2 Derek Meech Erik Johnson 40 1 2 2
Last Minutes Offensive
Center Left Wing Right Wing Defense Defense
Eric Staal Alexander Semin David Backes Tomas Kaberle Steve Eminger
Last Minutes Defensive
Center Left Wing Right Wing Defense Defense
Eric Staal Alexander Semin David Backes Ron Hainsey Steve Eminger
Goaltenders
Starting : Pekka Rinne
Backup : Craig Anderson
Extra Forwards
Normal : Milan Hejduk, Mark Bell, Petr Schastlivy - PP : Milan Hejduk, Mark Bell - PK : Jordin Tootoo
Extra Defensemen
Normal : Niklas Kronwall, Erik Johnson, Derek Meech - PP : Erik Johnson - PK : Derek Meech, Erik Johnson
Penalty Shots
Eric Staal, David Backes, Alexander Semin, Milan Hejduk, Marcel Goc
Canucks
5 vs 5 Forward
Center Left Wing Right Wing Time % Phy DF OF
1 Jiri Hudler Peter Worrell Jaromir Jagr 40 1 2 2
2 Erik Christensen Clarke MacArthur Zigmund Palffy 30 1 2 2
3 Rickard Wallin Fabian Brunnstrom David Jones 20 1 2 2
4 Brad Richardson Jaromir Jagr Sheldon Keefe 10 1 2 2
5 vs 5 Defense
Defense Defense Time % Phy DF OF
1 Scott Niedermayer Brent Sopel 40 1 2 2
2 Brooks Orpik Chris Campoli 30 1 2 2
3 Dennis Seidenberg Taylor Chorney 20 1 2 2
4 Nick Pryor Scott Niedermayer 10 1 2 2
PowerPlay Forward
Center Left Wing Right Wing Time % Phy DF OF
1 Jiri Hudler Peter Worrell Jaromir Jagr 60 1 2 2
2 Erik Christensen Clarke MacArthur Zigmund Palffy 40 1 2 2
PowerPlay Defense
Defense Defense Time % Phy DF OF
1 Scott Niedermayer Brent Sopel 60 1 2 2
2 Brooks Orpik Chris Campoli 40 1 2 2
Penalty Kill 4 Players Forward
Center Wing Time % Phy DF OF
1 Jaromir Jagr Peter Worrell 60 1 2 2
2 Clarke MacArthur Jiri Hudler 40 1 2 2
Penalty Kill 4 Players Defense
Defense Defense Time % Phy DF OF
1 Scott Niedermayer Brent Sopel 60 1 2 2
2 Brooks Orpik Chris Campoli 40 1 2 2
Penalty Kill - 3 Players Forward
Forward Time % Phy DF OF
1 Jaromir Jagr 60 1 2 2
2 Peter Worrell 40 1 2 2
Penalty Kill - 3 Players Defense
Defense Defense Time % Phy DF OF
1 Scott Niedermayer Brent Sopel 60 1 2 2
2 Brooks Orpik Chris Campoli 40 1 2 2
4 vs 4 Forward
Center Wing Time % Phy DF OF
1 Jaromir Jagr Peter Worrell 60 1 2 2
2 Clarke MacArthur Jiri Hudler 40 1 2 2
4 vs 4 Defense
Defense Defense Time % Phy DF OF
1 Scott Niedermayer Brent Sopel 60 1 2 2
2 Brooks Orpik Chris Campoli 40 1 2 2
Last Minutes Offensive
Center Left Wing Right Wing Defense Defense
Jiri Hudler Peter Worrell Jaromir Jagr Scott Niedermayer Brent Sopel
Last Minutes Defensive
Center Left Wing Right Wing Defense Defense
Jiri Hudler Peter Worrell Jaromir Jagr Scott Niedermayer Brent Sopel
Goaltenders
Starting : Carey Price
Backup : Jean-Sébastien Giguère
Extra Forwards
Normal : Fabian Brunnstrom, David Jones, Sheldon Keefe - PP : Fabian Brunnstrom, David Jones - PK : Sheldon Keefe
Extra Defensemen
Normal : Dennis Seidenberg, Taylor Chorney, Nick Pryor - PP : Dennis Seidenberg - PK : Taylor Chorney, Nick Pryor
Penalty Shots
Jaromir Jagr, Peter Worrell, Clarke MacArthur, Jiri Hudler, Zigmund Palffy
% Time on Ice - Flames
Lines # - Real PCT - Wanted PCT - Time Play
Normal Forward
1 - 36% - 40% - 15:28
2 - 24% - 30% - 10:23
3 - 22% - 20% - 9:34
4 - 18% - 10% - 8:02
Normal Defense
1 - 43% - 40% - 18:47
2 - 29% - 30% - 12:30
3 - 23% - 20% - 10:06
4 - 5% - 10% - 2:04
PP Forward
1 - 53% - 60% - 1:54
2 - 47% - 40% - 1:43
PP Defense
1 - 62% - 60% - 2:15
2 - 38% - 40% - 1:22
PK Forward
1 - 79% - 60% - 5:13
2 - 21% - 40% - 1:25
PK Defense
1 - 58% - 60% - 3:49
2 - 42% - 40% - 2:49
PK3 Forward
1 - 0% - 60%
2 - 0% - 40%
PK3 Defense
1 - 0% - 60%
2 - 0% - 40%
44 Forward
1 - 66% - 60% - 4:10
2 - 34% - 40% - 2:08
44 Defense
1 - 51% - 60% - 3:11
2 - 49% - 40% - 3:07
Last Minute Offensive - 0:00
Last Minute Defensive - 0:00
Total
Forward - 60:00
Defense - 60:00
|
% Time on Ice - Canucks
Lines # - Real PCT - Wanted PCT - Time Play
Normal Forward
1 - 33% - 40% - 14:32
2 - 31% - 30% - 13:23
3 - 25% - 20% - 10:53
4 - 11% - 10% - 4:39
Normal Defense
1 - 41% - 40% - 17:36
2 - 34% - 30% - 14:54
3 - 21% - 20% - 9:16
4 - 4% - 10% - 1:41
PP Forward
1 - 64% - 60% - 4:14
2 - 36% - 40% - 2:24
PP Defense
1 - 60% - 60% - 3:59
2 - 40% - 40% - 2:39
PK Forward
1 - 82% - 60% - 2:58
2 - 18% - 40% - 0:39
PK Defense
1 - 64% - 60% - 2:18
2 - 36% - 40% - 1:19
PK3 Forward
1 - 0% - 60%
2 - 0% - 40%
PK3 Defense
1 - 0% - 60%
2 - 0% - 40%
44 Forward
1 - 71% - 60% - 4:27
2 - 29% - 40% - 1:51
44 Defense
1 - 60% - 60% - 3:46
2 - 40% - 40% - 2:32
Last Minute Offensive - 0:00
Last Minute Defensive - 0:00
Total
Forward - 60:00
Defense - 60:00
|
Play by Play
1st period
0:01 of 1st period - Jiri Hudler wins face-off versus Eric Staal in neutral zone.
0:28 of 1st period - Icing by Steve Eminger.
0:29 of 1st period - Michal Handzus wins face-off versus Rickard Wallin in Flames zone.
0:29 of 1st period - Michal Handzus is hit by Brooks Orpik.
0:35 of 1st period - Snap shot by Milan Hejduk.
0:35 of 1st period - Deflect By Michal Handzus.
0:35 of 1st period - Shot Blocked by Chris Campoli.
0:35 of 1st period - Puck is out of play.
0:36 of 1st period - Josef Vasicek wins face-off versus Erik Christensen in Canucks zone.
0:39 of 1st period - Snap shot by Jordin Tootoo.
0:39 of 1st period - Shot Blocked by Brooks Orpik.
1:23 of 1st period - Wrist shot by Milan Hejduk.
1:23 of 1st period - Shot Blocked by Fabian Brunnstrom.
1:51 of 1st period - Wrist shot by Clarke MacArthur.
1:51 of 1st period - Stopped by Pekka Rinne with a rebound.
2:07 of 1st period - Sheldon Keefe is hit by Mark Bell and loses puck.
2:44 of 1st period - Tomas Kaberle is hit by Rickard Wallin and loses puck.
2:50 of 1st period - Minor Penalty to Dennis Seidenberg for Hooking.
2:50 of 1st period - Minor Penalty to Michal Handzus for Diving.
2:51 of 1st period - Jaromir Jagr wins face-off versus Eric Staal in Flames zone.
3:16 of 1st period - Tomas Kaberle is hit by Brent Sopel and loses puck.
4:12 of 1st period - Wrist shot by Fabian Brunnstrom.
4:12 of 1st period - Stopped by Pekka Rinne without a rebound.
4:13 of 1st period - David Jones wins face-off versus Eric Staal in Flames zone.
4:28 of 1st period - Wrist shot by Fabian Brunnstrom.
4:28 of 1st period - Stopped by Pekka Rinne without a rebound.
4:29 of 1st period - Milan Hejduk wins face-off versus Jaromir Jagr in Flames zone.
4:50 of 1st period - Penalty to Dennis Seidenberg is over, Dennis Seidenberg is back on ice.
4:50 of 1st period - Penalty to Michal Handzus is over, Michal Handzus is back on ice.
4:58 of 1st period - Snap shot by Erik Christensen.
4:58 of 1st period - Shot Misses the Net.
5:00 of 1st period - Snap shot by Brent Sopel.
5:00 of 1st period - Stopped by Pekka Rinne with a rebound.
5:44 of 1st period - Snap shot by Branko Radivojevic.
5:44 of 1st period - Shot Misses the Net.
6:22 of 1st period - Slapshot by Sheldon Keefe.
6:22 of 1st period - Shot Misses the Net.
6:28 of 1st period - Jaromir Jagr is hit by Eric Staal and loses puck.
7:25 of 1st period - Taylor Chorney is hit by Milan Hejduk and loses puck.
7:48 of 1st period - Minor Penalty to Fabian Brunnstrom for Tripping.
7:48 of 1st period - Minor Penalty to Milan Hejduk for Roughing.
7:49 of 1st period - Eric Staal wins face-off versus Jaromir Jagr in Flames zone.
8:04 of 1st period - Snap shot by Eric Staal.
8:04 of 1st period - Stopped by Carey Price with a rebound.
8:14 of 1st period - Steve Eminger is hit by Brent Sopel and loses puck.
9:21 of 1st period - Wrist shot by Mark Bell.
9:21 of 1st period - Shot Misses the Net.
9:29 of 1st period - Michal Handzus is hit by Jiri Hudler and loses puck.
9:48 of 1st period - Penalty to Fabian Brunnstrom is over, Fabian Brunnstrom is back on ice.
9:48 of 1st period - Penalty to Milan Hejduk is over, Milan Hejduk is back on ice.
10:48 of 1st period - Snap shot by Eric Staal.
10:48 of 1st period - Shot Blocked by Brent Sopel.
10:56 of 1st period - Wrist shot by Alexander Semin.
10:56 of 1st period - Deflect By Eric Staal.
10:56 of 1st period - Stopped by Carey Price with a rebound.
10:58 of 1st period - Snap shot by Milan Hejduk.
10:58 of 1st period - Deflect By Alexander Semin.
10:58 of 1st period - Shot Misses the Net.
10:58 of 1st period - Puck is out of play.
10:59 of 1st period - Erik Christensen wins face-off versus Josef Vasicek in Canucks zone.
11:09 of 1st period - Slapshot by Tomas Kaberle.
11:09 of 1st period - Stopped by Carey Price with a rebound.
11:14 of 1st period - Icing by Erik Christensen.
11:15 of 1st period - Erik Christensen wins face-off versus Marcel Goc in Canucks zone.
11:42 of 1st period - Wrist shot by Erik Christensen.
11:42 of 1st period - Stopped by Pekka Rinne without a rebound.
11:43 of 1st period - Jiri Hudler wins face-off versus Josef Vasicek in Flames zone.
11:44 of 1st period - Wrist shot by Jaromir Jagr.
11:44 of 1st period - Shot Blocked by Ron Hainsey.
11:52 of 1st period - Wrist shot by Mark Bell.
11:52 of 1st period - Shot Hit the Post.
11:54 of 1st period - Slapshot by Mark Bell.
11:54 of 1st period - Stopped by Carey Price with a rebound.
11:56 of 1st period - Snap shot by Mark Bell.
11:56 of 1st period - Stopped by Carey Price with a rebound.
11:58 of 1st period - Slapshot by Niklas Kronwall.
11:58 of 1st period - Shot Blocked by Peter Worrell.
12:48 of 1st period - Wrist shot by Peter Worrell.
12:48 of 1st period - Deflect By Jaromir Jagr.
12:48 of 1st period - Stopped by Pekka Rinne without a rebound.
12:49 of 1st period - Josef Vasicek wins face-off versus Erik Christensen in Flames zone.
13:14 of 1st period - Eric Staal is hit by Fabian Brunnstrom and loses puck.
13:34 of 1st period - Petr Schastlivy is hit by Erik Christensen and loses puck.
13:41 of 1st period - Clarke MacArthur is hit by Petr Schastlivy and loses puck.
13:54 of 1st period - Clarke MacArthur is hit by Jordin Tootoo and loses puck.
14:09 of 1st period - Snap shot by Clarke MacArthur.
14:09 of 1st period - Shot Blocked by Mike Leclerc.
14:53 of 1st period - Clarke MacArthur is hit by Petr Schastlivy and loses puck.
15:16 of 1st period - Snap shot by Peter Worrell.
15:16 of 1st period - Shot Misses the Net.
15:47 of 1st period - Steve Eminger is hit by Chris Campoli and loses puck.
16:20 of 1st period - Peter Worrell is hit by Derek Meech and loses puck.
16:47 of 1st period - Fabian Brunnstrom is hit by Jordin Tootoo and loses puck.
16:51 of 1st period - Minor Penalty to Mark Bell for Holding.
16:52 of 1st period - Michal Handzus wins face-off versus Jiri Hudler in Flames zone.
17:46 of 1st period - Michal Handzus is hit by Zigmund Palffy and loses puck.
18:19 of 1st period - Mike Leclerc is hit by Sheldon Keefe and loses puck.
18:39 of 1st period - Snap shot by Alexander Semin.
18:39 of 1st period - Shot Misses the Net.
18:42 of 1st period - Icing by Scott Niedermayer.
18:43 of 1st period - Michal Handzus wins face-off versus Brad Richardson in Canucks zone.
18:51 of 1st period - Penalty to Mark Bell is over, Mark Bell is back on ice.
18:54 of 1st period - Minor Penalty to Mark Bell for Holding.
18:55 of 1st period - Michal Handzus wins face-off versus Jiri Hudler in Flames zone.
19:12 of 1st period - Slapshot by Brent Sopel.
19:12 of 1st period - Goal by Brent Sopel - Flames : 0 - Canucks : 1.
19:13 of 1st period - Eric Staal wins face-off versus Jaromir Jagr in neutral zone.
19:20 of 1st period - Peter Worrell is hit by David Backes and loses puck.
2nd period
0:01 of 2nd period - Jiri Hudler wins face-off versus Eric Staal in neutral zone.
0:58 of 2nd period - Wrist shot by Josef Vasicek.
0:58 of 2nd period - Stopped by Carey Price with a rebound.
1:00 of 2nd period - Snap shot by Mark Bell.
1:00 of 2nd period - Shot Blocked by Dennis Seidenberg.
1:18 of 2nd period - Minor Penalty to Branko Radivojevic for High sticking.
1:19 of 2nd period - Jiri Hudler wins face-off versus Michal Handzus in Flames zone.
1:32 of 2nd period - Snap shot by Jaromir Jagr.
1:32 of 2nd period - Shot Misses the Net.
1:34 of 2nd period - Slapshot by Brent Sopel.
1:34 of 2nd period - Shot Misses the Net.
1:36 of 2nd period - Snap shot by Brent Sopel.
1:36 of 2nd period - Stopped by Pekka Rinne without a rebound.
1:37 of 2nd period - Michal Handzus wins face-off versus Erik Christensen in Flames zone.
2:24 of 2nd period - Petr Schastlivy is hit by Brooks Orpik and loses puck.
3:00 of 2nd period - Clarke MacArthur is hit by Jordin Tootoo and loses puck.
3:17 of 2nd period - Eric Staal is hit by Jiri Hudler and loses puck.
3:18 of 2nd period - Penalty to Branko Radivojevic is over, Branko Radivojevic is back on ice.
3:28 of 2nd period - David Jones is hit by Steve Eminger and loses puck.
3:53 of 2nd period - Taylor Chorney is hit by Branko Radivojevic and loses puck.
4:00 of 2nd period - Snap shot by Marcel Goc.
4:00 of 2nd period - Shot Blocked by Taylor Chorney.
4:02 of 2nd period - Wrist shot by Marcel Goc.
4:02 of 2nd period - Stopped by Carey Price with a rebound.
4:33 of 2nd period - Scott Niedermayer is hit by Mark Bell and loses puck.
5:31 of 2nd period - Jiri Hudler is hit by Erik Johnson and loses puck.
5:41 of 2nd period - Icing by Scott Niedermayer.
5:42 of 2nd period - Jiri Hudler wins face-off versus Marcel Goc in Canucks zone.
5:42 of 2nd period - Jiri Hudler is hit by Mike Leclerc.
5:58 of 2nd period - Icing by Branko Radivojevic.
5:59 of 2nd period - Rickard Wallin wins face-off versus Marcel Goc in Flames zone.
6:26 of 2nd period - Snap shot by Marcel Goc.
6:26 of 2nd period - Deflect By Branko Radivojevic.
6:26 of 2nd period - Stopped by Carey Price with a rebound.
6:28 of 2nd period - Slapshot by Ron Hainsey.
6:28 of 2nd period - Stopped by Carey Price without a rebound.
6:29 of 2nd period - Jiri Hudler wins face-off versus Eric Staal in Canucks zone.
6:29 of 2nd period - Jiri Hudler is hit by Tomas Kaberle.
7:40 of 2nd period - Slapshot by Jaromir Jagr.
7:40 of 2nd period - Stopped by Pekka Rinne without a rebound.
7:41 of 2nd period - Jaromir Jagr wins face-off versus Marcel Goc in Flames zone.
7:48 of 2nd period - Snap shot by Scott Niedermayer.
7:48 of 2nd period - Stopped by Pekka Rinne with a rebound.
8:06 of 2nd period - Slapshot by Mike Leclerc.
8:06 of 2nd period - Shot Misses the Net.
8:14 of 2nd period - Slapshot by Jiri Hudler.
8:14 of 2nd period - Stopped by Pekka Rinne with a rebound.
8:18 of 2nd period - Snap shot by Jaromir Jagr.
8:18 of 2nd period - Stopped by Pekka Rinne with a rebound.
8:20 of 2nd period - Slapshot by Scott Niedermayer.
8:20 of 2nd period - Stopped by Pekka Rinne with a rebound.
8:22 of 2nd period - Snap shot by Peter Worrell.
8:22 of 2nd period - Shot Misses the Net.
8:24 of 2nd period - Snap shot by Scott Niedermayer.
8:24 of 2nd period - Stopped by Pekka Rinne without a rebound.
8:25 of 2nd period - Eric Staal wins face-off versus Erik Christensen in Flames zone.
8:52 of 2nd period - Petr Schastlivy is hit by David Jones.
9:00 of 2nd period - Slapshot by Chris Campoli.
9:00 of 2nd period - Stopped by Pekka Rinne with a rebound.
9:02 of 2nd period - Wrist shot by David Jones.
9:02 of 2nd period - Shot Blocked by Michal Handzus.
9:04 of 2nd period - Wrist shot by David Jones.
9:04 of 2nd period - Stopped by Pekka Rinne with a rebound.
9:16 of 2nd period - Jaromir Jagr is hit by Mark Bell and loses puck.
10:02 of 2nd period - Off-side.
10:03 of 2nd period - Jiri Hudler wins face-off versus Eric Staal in neutral zone.
10:49 of 2nd period - Wrist shot by Josef Vasicek.
10:49 of 2nd period - Stopped by Carey Price with a rebound.
10:53 of 2nd period - Snap shot by Josef Vasicek.
10:53 of 2nd period - Stopped by Carey Price with a rebound.
10:55 of 2nd period - Snap shot by Mark Bell.
10:55 of 2nd period - Shot Blocked by Scott Niedermayer.
10:57 of 2nd period - Slapshot by Mark Bell.
10:57 of 2nd period - Stopped by Carey Price with a rebound.
10:59 of 2nd period - Slapshot by Tomas Kaberle.
10:59 of 2nd period - Stopped by Carey Price with a rebound.
11:14 of 2nd period - Icing by Alexander Semin.
11:15 of 2nd period - Rickard Wallin wins face-off versus Eric Staal in Flames zone.
11:24 of 2nd period - Snap shot by Fabian Brunnstrom.
11:24 of 2nd period - Goal by Fabian Brunnstrom - Flames : 0 - Canucks : 2.
11:25 of 2nd period - Jaromir Jagr wins face-off versus Eric Staal in neutral zone.
11:30 of 2nd period - Wrist shot by Jaromir Jagr.
11:30 of 2nd period - Stopped by Pekka Rinne with a rebound.
11:32 of 2nd period - Wrist shot by Jaromir Jagr.
11:32 of 2nd period - Stopped by Pekka Rinne with a rebound.
11:41 of 2nd period - Icing by Steve Eminger.
11:42 of 2nd period - Erik Christensen wins face-off versus Eric Staal in Flames zone.
11:43 of 2nd period - Snap shot by Zigmund Palffy.
11:43 of 2nd period - Stopped by Pekka Rinne without a rebound.
11:44 of 2nd period - Eric Staal wins face-off versus Erik Christensen in Flames zone.
11:51 of 2nd period - Wrist shot by Eric Staal.
11:51 of 2nd period - Stopped by Carey Price without a rebound.
11:52 of 2nd period - Eric Staal wins face-off versus Erik Christensen in Canucks zone.
12:37 of 2nd period - Wrist shot by Clarke MacArthur.
12:37 of 2nd period - Stopped by Pekka Rinne without a rebound.
12:38 of 2nd period - Peter Worrell wins face-off versus Michal Handzus in Flames zone.
13:50 of 2nd period - Eric Staal is hit by Clarke MacArthur and loses puck.
16:06 of 2nd period - Wrist shot by David Backes.
16:06 of 2nd period - Shot Misses the Net.
16:12 of 2nd period - Wrist shot by Eric Staal.
16:12 of 2nd period - Shot Misses the Net.
16:24 of 2nd period - Slapshot by Marcel Goc.
16:24 of 2nd period - Deflect By Jaromir Jagr.
16:24 of 2nd period - Stopped by Carey Price with a rebound.
16:59 of 2nd period - Snap shot by Michal Handzus.
16:59 of 2nd period - Stopped by Carey Price without a rebound.
17:00 of 2nd period - Eric Staal wins face-off versus Rickard Wallin in Canucks zone.
17:03 of 2nd period - Snap shot by Eric Staal.
17:03 of 2nd period - Stopped by Carey Price with a rebound.
17:11 of 2nd period - Snap shot by Eric Staal.
17:11 of 2nd period - Shot Blocked by Scott Niedermayer.
17:13 of 2nd period - Slapshot by Niklas Kronwall.
17:13 of 2nd period - Stopped by Carey Price without a rebound.
17:14 of 2nd period - Erik Christensen wins face-off versus Eric Staal in Canucks zone.
17:29 of 2nd period - Wrist shot by Zigmund Palffy.
17:29 of 2nd period - Shot Misses the Net.
17:45 of 2nd period - Wrist shot by Jiri Hudler.
17:45 of 2nd period - Shot Misses the Net.
17:49 of 2nd period - Slapshot by Jaromir Jagr.
17:49 of 2nd period - Shot Misses the Net.
17:50 of 2nd period - Minor Penalty to Jiri Hudler for Hooking.
17:50 of 2nd period - Minor Penalty to Michal Handzus for Tripping.
17:51 of 2nd period - Jaromir Jagr wins face-off versus Eric Staal in Flames zone.
17:58 of 2nd period - Slapshot by Jaromir Jagr.
17:58 of 2nd period - Goal by Jaromir Jagr - Flames : 0 - Canucks : 3.
17:59 of 2nd period - Jaromir Jagr wins face-off versus Eric Staal in neutral zone.
19:16 of 2nd period - David Jones is hit by Tomas Kaberle and loses puck.
19:48 of 2nd period - Peter Worrell is hit by Petr Schastlivy and loses puck.
19:50 of 2nd period - Penalty to Jiri Hudler is over, Jiri Hudler is back on ice.
19:50 of 2nd period - Penalty to Michal Handzus is over, Michal Handzus is back on ice.
19:57 of 2nd period - Snap shot by Jiri Hudler.
19:57 of 2nd period - Shot Misses the Net.
3rd period
0:01 of 3rd period - Eric Staal wins face-off versus Peter Worrell in neutral zone.
0:05 of 3rd period - Icing by Scott Niedermayer.
0:06 of 3rd period - Peter Worrell wins face-off versus Eric Staal in Canucks zone.
0:06 of 3rd period - Peter Worrell is hit by David Backes.
0:14 of 3rd period - Tomas Kaberle is hit by Jiri Hudler and loses puck.
0:23 of 3rd period - Wrist shot by Jaromir Jagr.
0:23 of 3rd period - Shot Misses the Net.
0:33 of 3rd period - Wrist shot by Fabian Brunnstrom.
0:33 of 3rd period - Stopped by Pekka Rinne with a rebound.
0:35 of 3rd period - Slapshot by Brent Sopel.
0:35 of 3rd period - Stopped by Pekka Rinne with a rebound.
0:47 of 3rd period - Tomas Kaberle is hit by Fabian Brunnstrom and loses puck.
1:09 of 3rd period - Minor Penalty to Michal Handzus for Charging.
1:10 of 3rd period - Jiri Hudler wins face-off versus Petr Schastlivy in Flames zone.
1:35 of 3rd period - Erik Johnson is hit by Peter Worrell.
1:53 of 3rd period - Slapshot by Scott Niedermayer.
1:53 of 3rd period - Goal by Scott Niedermayer - Flames : 0 - Canucks : 4.
1:54 of 3rd period - Eric Staal wins face-off versus Jiri Hudler in neutral zone.
2:05 of 3rd period - Wrist shot by Jaromir Jagr.
2:05 of 3rd period - Stopped by Pekka Rinne without a rebound.
2:06 of 3rd period - Jiri Hudler wins face-off versus Eric Staal in Flames zone.
2:23 of 3rd period - Brent Sopel is hit by Alexander Semin and loses puck.
3:19 of 3rd period - Clarke MacArthur is hit by Mike Leclerc and loses puck.
3:36 of 3rd period - Slapshot by Zigmund Palffy.
3:36 of 3rd period - Shot Blocked by Niklas Kronwall.
3:38 of 3rd period - Wrist shot by Clarke MacArthur.
3:38 of 3rd period - Stopped by Pekka Rinne without a rebound.
3:39 of 3rd period - Jiri Hudler wins face-off versus Eric Staal in Flames zone.
4:14 of 3rd period - Snap shot by Milan Hejduk.
4:14 of 3rd period - Shot Misses the Net.
4:16 of 3rd period - Slapshot by Steve Eminger.
4:16 of 3rd period - Shot Blocked by Brooks Orpik.
4:18 of 3rd period - Wrist shot by Petr Schastlivy.
4:18 of 3rd period - Shot Blocked by David Jones.
4:30 of 3rd period - Wrist shot by Jordin Tootoo.
4:30 of 3rd period - Shot Blocked by Jaromir Jagr.
4:32 of 3rd period - Wrist shot by Mark Bell.
4:32 of 3rd period - Stopped by Carey Price without a rebound.
4:33 of 3rd period - Eric Staal wins face-off versus Brad Richardson in Canucks zone.
4:36 of 3rd period - Slapshot by Eric Staal.
4:36 of 3rd period - Goal by Eric Staal - Flames : 1 - Canucks : 4.
4:37 of 3rd period - Jiri Hudler wins face-off versus Alexander Semin in neutral zone.
4:44 of 3rd period - Wrist shot by Jaromir Jagr.
4:44 of 3rd period - Stopped by Pekka Rinne with a rebound.
5:04 of 3rd period - Steve Eminger is hit by Clarke MacArthur and loses puck.
5:12 of 3rd period - Minor Penalty to Zigmund Palffy for Holding.
5:13 of 3rd period - Jaromir Jagr wins face-off versus Eric Staal in Canucks zone.
6:50 of 3rd period - Minor Penalty to Milan Hejduk for Holding Stick.
6:51 of 3rd period - Jaromir Jagr wins face-off versus Eric Staal in Flames zone.
7:12 of 3rd period - Penalty to Zigmund Palffy is over, Zigmund Palffy is back on ice.
8:09 of 3rd period - Peter Worrell is hit by Alexander Semin and loses puck.
8:50 of 3rd period - Penalty to Milan Hejduk is over, Milan Hejduk is back on ice.
9:11 of 3rd period - Wrist shot by Mark Bell.
9:11 of 3rd period - Stopped by Carey Price without a rebound.
9:12 of 3rd period - Josef Vasicek wins face-off versus Sheldon Keefe in Canucks zone.
9:13 of 3rd period - Backhand shot by Jordin Tootoo.
9:13 of 3rd period - Goal by Jordin Tootoo - Flames : 2 - Canucks : 4.
9:14 of 3rd period - Eric Staal wins face-off versus Jiri Hudler in neutral zone.
9:17 of 3rd period - Slapshot by Alexander Semin.
9:17 of 3rd period - Stopped by Carey Price with a rebound.
9:19 of 3rd period - Slapshot by Tomas Kaberle.
9:19 of 3rd period - Shot Blocked by Brent Sopel.
9:21 of 3rd period - Snap shot by Eric Staal.
9:21 of 3rd period - Goal by Eric Staal - Flames : 3 - Canucks : 4.
9:22 of 3rd period - Jiri Hudler wins face-off versus Eric Staal in neutral zone.
9:22 of 3rd period - Peter Worrell is hit by Alexander Semin and loses puck.
9:49 of 3rd period - Erik Christensen is hit by Steve Eminger and loses puck.
10:14 of 3rd period - Wrist shot by Fabian Brunnstrom.
10:14 of 3rd period - Shot Blocked by Mark Bell.
10:16 of 3rd period - Slapshot by Rickard Wallin.
10:16 of 3rd period - Stopped by Pekka Rinne without a rebound.
10:17 of 3rd period - Jiri Hudler wins face-off versus Eric Staal in Flames zone.
10:54 of 3rd period - Slapshot by Petr Schastlivy.
10:54 of 3rd period - Stopped by Carey Price with a rebound.
11:33 of 3rd period - Snap shot by Josef Vasicek.
11:33 of 3rd period - Stopped by Carey Price without a rebound.
11:34 of 3rd period - Eric Staal wins face-off versus Jiri Hudler in Canucks zone.
11:34 of 3rd period - Minor Penalty to Brent Sopel for Roughing.
11:35 of 3rd period - Jaromir Jagr wins face-off versus Eric Staal in Canucks zone.
11:43 of 3rd period - Wrist shot by Alexander Semin.
11:43 of 3rd period - Shot Misses the Net.
11:45 of 3rd period - Slapshot by Erik Johnson.
11:45 of 3rd period - Deflect By Eric Staal.
11:45 of 3rd period - Stopped by Carey Price with a rebound.
11:47 of 3rd period - Wrist shot by Erik Johnson.
11:47 of 3rd period - Shot Misses the Net.
11:49 of 3rd period - Slapshot by Alexander Semin.
11:49 of 3rd period - Shot Misses the Net.
11:51 of 3rd period - Snap shot by Eric Staal.
11:51 of 3rd period - Stopped by Carey Price with a rebound.
12:50 of 3rd period - Eric Staal is hit by Brooks Orpik.
13:34 of 3rd period - Penalty to Brent Sopel is over, Brent Sopel is back on ice.
14:04 of 3rd period - Niklas Kronwall is hit by Erik Christensen and loses puck.
14:09 of 3rd period - Wrist shot by Erik Christensen.
14:09 of 3rd period - Shot Misses the Net.
14:11 of 3rd period - Snap shot by Chris Campoli.
14:11 of 3rd period - Shot Blocked by Branko Radivojevic.
15:04 of 3rd period - Mike Leclerc is hit by Erik Christensen.
15:34 of 3rd period - Icing by Erik Johnson.
15:35 of 3rd period - Eric Staal wins face-off versus Jiri Hudler in Flames zone.
16:03 of 3rd period - Slapshot by Jordin Tootoo.
16:03 of 3rd period - Stopped by Carey Price without a rebound.
16:04 of 3rd period - Eric Staal wins face-off versus Rickard Wallin in Canucks zone.
16:17 of 3rd period - Snap shot by Scott Niedermayer.
16:17 of 3rd period - Shot Blocked by Steve Eminger.
16:42 of 3rd period - Snap shot by Jordin Tootoo.
16:42 of 3rd period - Shot Misses the Net.
17:06 of 3rd period - Tomas Kaberle is hit by Chris Campoli and loses puck.
17:21 of 3rd period - Snap shot by Peter Worrell.
17:21 of 3rd period - Stopped by Pekka Rinne without a rebound.
17:22 of 3rd period - Rickard Wallin wins face-off versus Josef Vasicek in Flames zone.
17:23 of 3rd period - Snap shot by Fabian Brunnstrom.
17:23 of 3rd period - Shot Misses the Net.
17:25 of 3rd period - Wrist shot by Rickard Wallin.
17:25 of 3rd period - Stopped by Pekka Rinne with a rebound.
17:27 of 3rd period - Snap shot by David Jones.
17:27 of 3rd period - Shot Misses the Net.
17:29 of 3rd period - Snap shot by Rickard Wallin.
17:29 of 3rd period - Goal by Rickard Wallin - Flames : 3 - Canucks : 5.
17:30 of 3rd period - Brad Richardson wins face-off versus Josef Vasicek in neutral zone.
17:59 of 3rd period - Snap shot by Fabian Brunnstrom.
17:59 of 3rd period - Deflect By David Jones.
17:59 of 3rd period - Stopped by Pekka Rinne without a rebound.
18:00 of 3rd period - Rickard Wallin wins face-off versus Eric Staal in Flames zone.
18:01 of 3rd period - Wrist shot by Fabian Brunnstrom.
18:01 of 3rd period - Shot Misses the Net.
18:11 of 3rd period - Snap shot by Alexander Semin.
18:11 of 3rd period - Stopped by Carey Price with a rebound.
18:13 of 3rd period - Snap shot by Tomas Kaberle.
18:13 of 3rd period - Stopped by Carey Price without a rebound.
18:14 of 3rd period - Brad Richardson wins face-off versus Josef Vasicek in Canucks zone.
18:18 of 3rd period - Off-side.
18:19 of 3rd period - Brad Richardson wins face-off versus Mark Bell in neutral zone.
19:47 of 3rd period - David Jones is hit by Niklas Kronwall and loses puck.
Output by the SimonT Hockey Simulator (STHS) for François Prévost -- Original Page W3C XHTML 1.0 Valid